 Dungeon Crawl Stone Soup version 0.28.0-53-g5a82cb258f (webtiles) character file.

Game seed: 7019688052904778673

591 Diggabert the Poker (level 7, -8/35 (37) HPs)
             Began as a Vine Stalker Fighter on June 26, 2022.
             Was an Initiate of Hepliaklqana.
             Mangled by a small abomination (15 damage)
             ... on level 1 of the Abyss.
             The game lasted 00:09:15 (3464 turns).

Diggabert the Poker (Vine Stalker Fighter)          Turns: 3464, Time: 00:09:16

HP:   -8/35 (37)    AC: 10    Str: 20    XL:     7   Next: 39%
MP:   0/8           EV:  7    Int:  8    God:    Hepliaklqana [......]
Gold: 180           SH:  5    Dex: 14    Spells: 6/6 levels left

rFire   + . .      SeeInvis .   a - +0 trident
rCold   . . .      Faith    .   c - +0 buckler
rNeg    . . .      Spirit   +   j - +0 chain mail
rPois   .          Reflect  .   (no helmet)
rElec   .          Harm     .   (no cloak)
rCorr   .          Rampage  .   (no gloves)
Will    .....                   p - +0 pair of boots
Stlth   ..........              (no amulet)
HPRegen 0.91/turn               e - +4 ring of slaying
MPRegen 0.11/turn               r - ring of protection from fire

@: drained
A: fangs 2, regeneration 1, magic shield, antimagic bite, no potion heal 2
a: Renounce Religion


You were on level 1 of the Abyss.
You worshipped Hepliaklqana.
Hepliaklqana was noncommittal.
You visited 2 branches of the dungeon, and saw 5 of its levels.
You visited the Abyss 1 time.

You collected 180 gold pieces.

Inventory:

Hand Weapons
 a - a +0 trident (weapon)
Missiles
 f - 7 boomerangs of dispersal (quivered)
Armour
 c - a +0 buckler (worn)
 j - a +0 chain mail (worn)
 p - a +0 pair of boots (worn)
Jewellery
 e - a +4 ring of slaying (left hand)
 r - a ring of protection from fire (right hand)
Scrolls
 h - a scroll of teleportation {unknown}
 i - a scroll of brand weapon {unknown}
 k - a scroll of enchant armour {unknown}
 l - 3 scrolls of identify {unknown}
 m - a scroll of noise {unknown}
 n - a scroll of immolation {unknown}
 o - 2 scrolls of amnesia {unknown}
Potions
 b - 3 potions of lignification {unknown}
 d - a potion of might
 g - 2 potions of curing {unknown}
 q - 2 potions of attraction {unknown}
 s - 2 potions of invisibility {unknown}


   Skills:
 * Level 3.9 Fighting
 * Level 5.1 Polearms
 * Level 3.7 Armour
 * Level 3.7 Shields


You had 6 spell levels left.
You didn't know any spells.
Your spell library was empty.

Dungeon Overview and Level Annotations

Branches:
Dungeon (4/15)             Temple (1/1) D:4

Altars:
Ashenzari
Cheibriados
Fedhas
Gozag
Hepliaklqana
Makhleb
Sif Muna
Trog
Uskayaw
Vehumet
Xom
Zin
The Shining One
Lugonu

Annotations:
D:4 gobodom's ghost, amateur DsNe


Innate Abilities, Weirdness & Mutations

You have extremely sharp teeth.
Your natural rate of healing is unusually fast.
When hurt, damage is shared between your health and your magic reserves.
Your bite disrupts and absorbs the magic of your enemies.
Potions cannot restore your health.


Message History

The wight hits you with a +6 scimitar of freezing!
The wight freezes you.
The ufetubus hits you but does no damage.
You block the ufetubus's attack. The ufetubus barely misses you.
The ufetubus hits you but does no damage.
The ufetubus hits you. You block the ufetubus's attack.
The ufetubus hits you but does no damage. x2
A chaos spawn comes into view.
The chaos spawn shouts in stereo!
The wight hits you with a +6 scimitar of freezing.
You feel drained. The wight freezes you. The ufetubus completely misses you.
The ufetubus barely misses you. The ufetubus hits you.
The ufetubus barely misses you. The ufetubus hits you. x2
The ufetubus hits you but does no damage. x2
The ufetubus hits you but does no damage.
You block the ufetubus's attack.
The ufetubus hits you but does no damage.
You block the ufetubus's attack.
The ufetubus hits you but does no damage. x2
A small abomination comes into view.
The ufetubus hits you but does no damage. x2
The small abomination hits you!
A sky beast comes into view.
The ufetubus barely misses you. The ufetubus closely misses you.
The small abomination hits you. The ufetubus closely misses you.
The ufetubus hits you but does no damage.
The small abomination hits you!
A raiju and a chaos spawn come into view.
The raiju barks!
The chaos spawn squeals angrily.
The small abomination hits you but does no damage.
You block the raiju's attack.
You block the small abomination's attack.
The raiju bites you! The raiju shocks you!
* * * LOW HITPOINT WARNING * * *
A smoke demon comes into view.
The smoke demon roars!
The raiju bites you but does no damage. The small abomination hits you!
You die...

# .. ... ## ### .#
.... #. . # .# #..#.
#####.# # #...#####
..#.#.##.#
##.@x5.### .#....#.#
#...h#.##.###.#.#..
#..4..x....z4......#
#..#.#.#.#..#.#.#.##
#...........#.....#
#..#...#....###.#...
#...............#. .
#..#.#.#.#..##... #4
##..........##.####.


You could see a raiju, a chaos spawn, 2 small abominations and an ufetubus.

Vanquished Creatures
  Grinder (D:4)
  An ice beast (D:3)
  A scorpion (D:4)
  A jelly (D:4)
  An orc priest (D:3)
  An orc wizard (D:4)
  4 gnolls
  3 adders
  An adder skeleton (D:4)
  A worm (D:2)
  3 dart slugs
  6 orcs
  9 endoplasms
  2 giant cockroaches
  10 goblins
  5 hobgoblins
  4 jackals (D:1)
  11 kobolds
  4 quokkas
  8 ball pythons
  6 bats
  3 frilled lizards
  4 rats (D:1)
90 creatures vanquished.

Vanquished Creatures (others)
  3 fungi (D:4)
  A plant (D:4)
4 creatures vanquished.

Grand Total: 94 creatures vanquished

Notes
Turn   | Place    | Note
-------+----------+-------------------------------------------
     0 | D:1      | Diggabert the Vine Stalker Fighter began the quest for the
                  | Orb.
     0 | D:1      | Reached XP level 1. HP: 11/11 MP: 2/2
   100 | D:1      | Reached XP level 2. HP: 16/16 MP: 1/3
   367 | D:1      | Reached skill level 2 in Polearms
   465 | D:1      | Reached XP level 3. HP: 20/20 MP: 4/4
   854 | D:2      | Gained mutation: Your natural rate of healing is unusually
                  | fast. [Vine Stalker growth]
   854 | D:2      | Reached XP level 4. HP: 14/24 MP: 3/5
   959 | D:2      | Reached skill level 3 in Polearms
  1345 | D:3      | Found a glowing golden altar of the Shining One.
  1418 | D:3      | Reached XP level 5. HP: 28/28 MP: 6/6
  1697 | D:3      | Found a broken altar of Ashenzari.
  1915 | D:3      | Found an opulent altar of Gozag.
  1918 | D:3      | Found a shimmering blue altar of Sif Muna.
  1921 | D:3      | Found a snail-covered altar of Cheibriados.
  2025 | D:3      | Noticed an ice beast
  2034 | D:3      | Killed an ice beast
  2035 | D:3      | Reached skill level 4 in Polearms
  2035 | D:3      | Reached XP level 6. HP: 19/32 MP: 4/7
  2231 | D:4      | Noticed Grinder
  2256 | D:4      | Killed Grinder
  2257 | D:4      | Reached XP level 7. HP: 35/37 MP: 6/8
  2514 | D:4      | Reached skill level 5 in Polearms
  2551 | D:4      | Found a radiant altar of Vehumet.
  2557 | D:4      | Found a runed translucent gate.
  2557 | D:4      | Found a runed translucent gate.
  2557 | D:4      | Found a runed translucent gate.
  2559 | D:4      | Noticed gobodom's ghost (amateur DsNe)
  2564 | D:4      | Found a blossoming altar of Fedhas.
  2907 | D:4      | Found a staircase to the Ecumenical Temple.
  2914 | Temple   | Entered the Ecumenical Temple
  2926 | Temple   | Became a worshipper of Hepliaklqana the Forgotten
  3249 | D:4      | Cast into level 1 of the Abyss (kobold)
  3318 | Abyss:1  | Noticed a large abomination
  3371 | Abyss:1  | Noticed a small abomination
  3374 | Abyss:1  | Noticed a tentacled starspawn
  3382 | Abyss:1  | Noticed an orange demon
  3384 | Abyss:1  | Noticed a raiju
  3425 | Abyss:1  | Noticed a chaos spawn
  3459 | Abyss:1  | Noticed a raiju
  3459 | Abyss:1  | Noticed a chaos spawn
  3464 | Abyss:1  | Noticed a smoke demon
  3464 | Abyss:1  | Mangled by a small abomination

Illustrated notes

Levels and vault maps discovered:
D:1:      dpeg_arrival_fog, layout_basic, minmay_close_crescents
D:2:      layout_rooms
D:3:      layout_loops_ring, mainiacjoe_overflow_paths,
          mainiacjoe_overflow_surrounded_room, grunt_temple_overflow_diamond,
          serial_co_window_serial, co_window_paths_a, co_window_paths_b,
          co_window_corner_a, co_window_paths_a, co_window_paths_a,
          co_window_corner_ca, co_window_paths_c, co_window_of_opportunity_b,
          co_window_4corner_a, co_window_paths_e, glass_columns_c,
          glass_columns_a, glass_columns_a, glass_columns_c, glass_columns_a
D:4:      kennysheep_big_flooded_room, layout_loops_ring,
          mainiacjoe_overflow_catwalk_spiral, temple_green,
          gammafunk_ghost_nasty_kobolds, uniq_grinder
Temple:   corrupted_temple
Abyss:1:  base:
D:3

Skill      XL: |  1  2  3  4  5  6  7 |
---------------+----------------------+-----
Fighting       | 3 |  3.9
Polearms       | 2 3 4 5 |  5.1
Shields        | 3 |  3.7
Armour         | 3 |  3.7

Action                   |  1- 3 |  4- 6 |  7- 9 || total
-------------------------+-------+-------+-------++-------
Melee: Trident           |    74 |    77 |    28 ||   179
       Bite              |    10 |    14 |     6 ||    30
Armor: Scale mail        |     9 |       |       ||     9
       Chain mail        |     6 |    30 |    49 ||    85
Dodge: Dodged            |    17 |    20 |    29 ||    66
Block: Buckler           |     9 |    17 |    22 ||    48
